 Dungeon Crawl Stone Soup version 0.15-a0-1081-gb32516e (webtiles) character file.

350942 PolkaDot the Maledictor (level 21, -37/150 HPs)
             Began as a Vampire Enchanter on May 27, 2014.
             Was the Champion of Ashenzari.
             Killed from afar by a lich (53 damage)
             ... with a bolt of fire
             ... on Level 3 of the Depths on May 28, 2014.
             The game lasted 06:51:04 (61410 turns).

PolkaDot the Maledictor (Vampire Enchanter)        Turns: 61410, Time: 06:51:04

HP -37/150       AC  0     Str  3      XL: 21   Next: 28%
MP  11/36        EV 38     Int 17 (19) God: Ashenzari [******]
Gold 2831        SH  0     Dex 21      Spells: 13 memorised,  2 levels left

rFire  . . .     SeeInvis +     c - melded -1,+10 dagger of Phuuz {vamp, rN+}
rCold  + + .     Clarity  +     b - melded +0 leather armour of Parlour Games {MR+ Acc-3 Dam+4 Stlth+}
rNeg   + + +     Conserve +     d - melded +0 buckler (curse)
rPois  +         rCorr    .     t - melded +2 hat (curse)
rElec  .         rRot     +     m - melded +0 cloak "Xoexorph" {rF+ Dex+3 Int+1}
SustAb .         Spirit   .     v - melded +2 pair of gloves (curse)
rMut   .         Warding  .     Y - melded +2 pair of boots (curse)
Gourm  .         Stasis   .     K - cursed amulet of conservation
MR     ++...                    w - melded cursed +0,+6 ring of slaying
                                l - melded cursed +6 ring of protection

@: bat-form, flying, very slightly contaminated, bloodless, non-regenerating,
very quick, very resistant to hostile enchantments, uncannily stealthy
A: bottle blood, (fangs 0), (talons 0), see invisible, dopey 1, (unbreathing)
a: Bottle Blood, End Transformation, Scrying, Transfer Knowledge, Renounce
Religion
}: 2/15 runes: barnacled, gossamer


You were on level 3 of the Depths.
You worshipped Ashenzari.
Ashenzari was exalted by your worship.
You were bloodless.
You were in vampire bat-form.
You visited 8 branches of the dungeon, and saw 45 of its levels.
You also visited: Sewer, Ossuary and Ice Cave.

You collected 4878 gold pieces.
You spent 2047 gold pieces at shops.

Inventory:

Hand weapons
 c - the cursed -1,+10 dagger of Phuuz (melded) {vamp, rN+}
   (You found it on level 10 of the Dungeon)

   It inflicts no extra harm, but heals its wielder somewhat when it strikes a
   living foe.
   It protects you from negative energy.
   It has a curse placed upon it.
Armour
 b - the cursed +0 leather armour of Parlour Games (melded) {MR+ Acc-3 Dam+4 Stlth+}
   (You found it on level 3 of the Vaults)

   It affects your accuracy with ranged weapons and melee attacks (-3).
   It affects your damage with ranged weapons and melee attacks (+4).
   It affects your resistance to hostile enchantments.
   It makes you more stealthy.
   It has a curse placed upon it.
 d - a cursed +0 buckler (melded)
 m - the cursed +0 cloak "Xoexorph" (melded) {rF+ Dex+3 Int+1}
   (You bought it in a shop on level 4 of the Vaults)

   It affects your intelligence (+1).
   It affects your dexterity (+3).
   It protects you from fire.
   It has a curse placed upon it.
 t - a cursed +2 hat (melded)
 v - a cursed +2 pair of gloves (melded)
 Y - a cursed +2 pair of boots (melded)
Magical devices
 e - a wand of digging (11)
 y - a wand of fire (9)
 F - a wand of hasting (2)
 G - a wand of digging (8)
 M - a wand of paralysis (8)
 P - a wand of heal wounds (4)
 U - a wand of fireball (6)
Scrolls
 g - 11 scrolls of identify
 h - 8 scrolls of fog
 k - a scroll of magic mapping
 o - 2 scrolls of silence
 p - a scroll of remove curse
 r - 2 scrolls of fear
 z - 4 scrolls of vulnerability
 A - a scroll of torment
 C - 6 scrolls of recharging
 D - 6 scrolls of amnesia
 I - 7 scrolls of blinking
 J - 5 scrolls of summoning
 N - 4 scrolls of curse armour
 O - a scroll of enchant weapon II
 Q - a scroll of immolation
Jewellery
 l - a cursed +6 ring of protection (melded)
 w - a cursed +0,+6 ring of slaying (melded)
 K - a cursed amulet of conservation (around neck)
Potions
 i - 3 potions of flight
 j - 21 potions of curing
 q - 3 potions of coagulated blood {@w2}
 s - 5 potions of restore abilities
 x - a potion of brilliance
 T - a potion of invisibility
 Z - 7 potions of resistance
Books
 a - a book of Hinderance

   Spells                             Type                      Level
   Confusing Touch                    Hexes                        1
   *Confuse                           Hexes                        3
   Petrify                            Transmutation/Earth          4
   Leda's Liquefaction                Hexes/Earth                  4
   *Metabolic Englaciation            Hexes/Ice                    5
   Summon Mana Viper                  Hexes/Summoning              5
 f - a book of Enchantments

   Spells                             Type                      Level
   *Cause Fear                        Hexes                        4
   Silence                            Hexes/Air                    5
   Tukima's Dance                     Hexes                        5
   Deflect Missiles                   Charms/Air                   6
   Haste                              Charms                       6
   Discord                            Hexes                        8
 n - a book of Wizardry

   Spells                             Type                      Level
   Agony                              Necromancy                   5
   Force Lance                        Conjuration                  5
   Dispersal                          Translocation                6
   Haste                              Charms                       6
   *Invisibility                      Hexes                        6
   Spellforged Servitor               Conjuration/Summoning        7
 R - a book of the Warp

   Spells                             Type                      Level
   Control Teleport                   Charms/Translocation         4
   Phase Shift                        Translocation                5
   Warp Weapon                        Charms/Translocation         5
   Dispersal                          Translocation                6
   Controlled Blink                   Translocation                7
   Disjunction                        Translocation                8
Miscellaneous
 H - an ornate deck of defence {the Banshee}
 L - an ornate deck of defence {Solitude}


   Skills:
 - Level 9.2 Fighting
 - Level 14.1(18.1) Short Blades
   Level 8.1 Long Blades
 - Level 0.7 Throwing
 - Level 4.2 Armour
 + Level 13.1(17.2) Dodging
 - Level 23.8(27) Stealth
 - Level 3.1(5.7) Shields
 - Level 10.0 Spellcasting
 + Level 24.4(27) Hexes
 - Level 12.7(16.8) Charms
 * Level 10.5(14.8) Translocations
 - Level 9.2(13.5) Ice Magic


You had 2 spell levels left.
You knew the following spells:

 Your Spells              Type           Power        Failure   Level  Hunger
a - Corona                Hex            #######      1%          1    None
b - Sure Blade            Hex/Chrm       ######....   1%          2    None
c - Confuse               Hex            #######.     1%          3    None
d - Ensorcelled Hibernat  Hex/Ice        ######       1%          2    None
e - Enslavement           Hex            #######.     1%          4    ###....
f - Cause Fear            Hex            #######...   1%          4    ###....
i - Invisibility          Hex            #######.     1%          6    ######.
o - Ozocubu's Armour      Chrm/Ice       ######....   1%          3    None
q - Blink                 Tloc           N/A          1%          2    None
s - Slow                  Hex            #######.     1%          2    None
z - Dazzling Spray        Conj/Hex       ######..     1%          3    None
A - Apportation           Tloc           ######....   1%          1    None
S - Metabolic Englaciati  Hex/Ice        ######....   1%          5    ####...


Dungeon Overview and Level Annotations

Branches:
Dungeon (15/15)            Temple (1/1) D:6             Orc (4/4) D:11
    Elf (0/3) Orc:4          Lair (8/8) D:9          Shoals (5/5) Lair:4
 Spider (5/5) Lair:6        Slime (0/6) Lair:6       Vaults (4/5) D:14
  Blade (0/1) Vaults:3      Crypt (0/3) Vaults:2     Depths (3/5) D:15

Altars:
Ashenzari
Cheibriados
Dithmenos
Elyvilon
Fedhas
Gozag
Kikubaaqudgha
Makhleb
Nemelex Xobeh
Okawaru
Qazlal
Sif Muna
Trog
Vehumet
Xom
Yredelemnul
Zin
The Shining One
Beogh
Jiyva

Shops:
D:13 [   Orc:4 %*}*   Vaults:2 *   Vaults:4 [:}

Portals:
Hell: Depths:1 Depths:3
Abyss: Depths:2
Pandemonium: Depths:3
Trove: Vaults:4 (give +5 fire dragon armour)

Annotations:
Depths:2 1 exclusion


Innate Abilities, Weirdness & Mutations

You do not heal naturally.
You can bottle blood from corpses.
((You have razor-sharp teeth.))*
You have supernaturally acute eyesight.
((You can survive without breathing.))*
((You have sharp toenails.))*
You are dopey. (Int -2)


Message History

Your cursed +2 hat melds into your body.
Your cursed +2 pair of gloves melds into your body.
Your cursed +2 pair of boots melds into your body.
Your cursed +0 buckler melds into your body.
The cursed +0 leather armour of Parlour Games {MR+ Acc-3 Dam+4 Stlth+} melds into your body.
Your cursed +6 ring of protection melds into your body.
Your cursed +0,+6 ring of slaying melds into your body.
* * * LOW MAGIC WARNING * * *
The yaktaur shoots a bolt.
The bolt misses you.
Things that are here:
a +0,+0 crossbow of flame; 20 bolts The yaktaur shoots a bolt.
The bolt completely misses you.
You see here a bolt.
You see here 2 bolts.
You see here a bolt.
The lich shouts!
The lich gestures at you while chanting.
The bolt of fire hits you!
One of your 2 scrolls of immolation catches fire!
You die...

.......................V.....# *
............................... *
..###..............>...........,,
### #.......................... ,
# ###........(.....L....... ,
##...#..............#. ,,,
#....#.............#* ,,
#....#............## * ,, #####
##...#...b......%..# * ....##
#.................#
###..#####................#
##.##................####
####..#............#...#
....................####
.....%..............##
####..%.......###....#
..###.......### ##...#


You could see a lich.

Vanquished Creatures
  Mara (Depths:2)
  Saint Roka (Vaults:1)
  Margery (Depths:3)
  Norris (Vaults:3)
  A lich (Depths:1)
  Agnes (Depths:2)
  A sphinx (Depths:3)
  3 fire giants
  4 ghost moths
  2 deep elf sorcerers (Vaults:1)
  Donald (Shoals:5)
  9 vault wardens
  3 frost giants
  2 balrugs
  Gastronok (Lair:3)
  12 emperor scorpions
  Jorgrun (Depths:1)
  9 stone giants
  A deep elf demonologist (Vaults:1)
  A vampire knight (Depths:3)
  The ghost of Che the Martial Artist, a powerful OpMo of Cheibriados (Spider:1)
  A deep elf annihilator (Vaults:3)
  A deep elf death mage (Vaults:4)
  5 dire elephants
  3 merfolk javelineers
  3 ettins
  4 merfolk impalers (Shoals:5)
  12 vault guards
  8 fire dragons
  10 yaktaur captains
  2 great orbs of eyes
  3 sirens
  13 ironheart preservers
  10 ogre magi
  Fannar (D:15)
  2 ravenous feature mimics
  Harold (Lair:2)
  5 ice dragons
  5 rakshasas
  An alligator (shapeshifter) (D:15)
  An anaconda (Lair:8)
  Erica (Lair:8)
  An alligator snapping turtle (Shoals:5)
  9 hydras
  5 deep troll earth magi
  5 merfolk aquamancers (Shoals:5)
  5 deep troll shamans
  A spriggan air mage (Depths:3)
  2 death knights (Vaults:2)
  An orc high priest (Orc:3)
  7 death yaks
  2 satyrs
  4 tengu warriors
  3 dancing weapons (Vaults:3)
  A spectral elf (Vaults:4)
  Urug (D:10)
  A spriggan berserker (Depths:3)
  3 hell knights (Depths:3)
  2 iron trolls
  A shadow wraith (Vaults:1)
  A vampire mage (Depths:3)
  7 very ugly things
  A fire crab (Vaults:3)
  2 deep elf knights
  9 centaur warriors
  11 sea snakes
  A death drake (shapeshifter) (Vaults:3)
  21 orb spiders
  11 skeletal warriors
  An orb spider (shapeshifter) (D:15)
  2 giant orange brains
  5 unseen horrors
  4 deep elf summoners
  Erolcha (D:13)
  A sea snake (shapeshifter) (D:15)
  23 deep trolls
  An ice statue (IceCv)
  A putrid demonspawn (Depths:3)
  3 flayed ghosts
  5 water nymphs
  3 necromancers
  A torturous demonspawn (Depths:3)
  19 harpies
  Joseph (D:8)
  4 deep elf conjurers
  5 fauns
  3 orc sorcerers
  10 hill giants
  39 wolf spiders
  5 wizards
  A fire giant zombie (Vaults:3)
  14 ironbrand convokers
  5 oklob plants
  15 griffons
  17 orc knights
  6 red wasps
  6 manticores
  11 human zombies
  2 moths of wrath
  A draconian (shapeshifter) (D:15)
  18 elephants
  8 mermaids
  6 cyclopes
  7 black mambas
  2 salamanders (Depths:1)
  9 vault sentinels
  A mermaid (shapeshifter) (Depths:3)
  Maurice (Orc:2)
  A black mamba (shapeshifter) (Vaults:3)
  14 spiny frogs
  2 yaktaurs (shapeshifter)
  45 yaktaurs
  A feature mimic (Orc:2)
  2 gargoyles
  A centaur zombie (D:14)
  An iron devil (Depths:3)
  7 komodo dragons
  2 guardian mummies (Vaults:4)
  A kobold demonologist (D:15)
  A komodo dragon (shapeshifter) (Vaults:1)
  3 tengu conjurers
  A giant firefly (shapeshifter) (Vaults:2)
  7 freezing wraiths
  16 demonic crawlers
  Grinder (D:6)
  A yaktaur skeleton (Vaults:3)
  4 deep elf priests
  A wandering mushroom (D:9)
  3 trolls
  A raiju (shapeshifter) (Depths:1)
  A troll (shapeshifter) (Vaults:3)
  18 merfolk
  2 fire drakes
  14 two-headed ogres
  2 giant fireflies (Depths:3)
  5 boulder beetles
  32 slime creatures
  The ghost of haldagan the Insei, an average DsMo (D:4)
  A centaur skeleton (D:15)
  17 ravens
  15 polar bears (IceCv)
  2 wind drakes
  21 jumping spiders
  A sphinx simulacrum (Vaults:3)
  29 blink frogs
  A blink frog (shapeshifter) (D:13)
  A boulder beetle (shapeshifter) (Vaults:1)
  6 flying skulls (Depths:3)
  A fire dragon zombie (D:15)
  A basilisk (Lair:3)
  2 shadows
  12 snapping turtles
  7 sharks
  A yak (shapeshifter) (Vaults:3)
  3 spriggans
  6 water elementals
  21 trapdoor spiders
  17 humans (D:14)
  8 deep elf magi
  40 redbacks
  41 tarantellas
  2 elephant slugs
  A steam dragon (D:10)
  A steam dragon (shapeshifter) (D:14)
  8 vampires
  4 wraiths
  Eustachio (D:10)
  41 yaks
  12 hippogriffs
  46 ugly things
  25 wolves
  2 wyverns
  9 deep elf fighters
  11 vampire mosquitoes
  A tengu zombie (D:13)
  10 wargs
  Edmund (D:8)
  11 porcupines
  2 mottled dragons
  15 water moccasins
  A human skeleton (D:15)
  A hell hound (Depths:1)
  3 ice beasts
  An ettin simulacrum (Vaults:3)
  55 orc warriors
  5 black bears
  Purgy (Sewer)
  18 spiders
  A boring beetle (shapeshifter) (Depths:2)
  A necrophage (D:15)
  9 yellow wasps
  A black bear (shapeshifter) (Vaults:4)
  2 boring beetles (Lair:8)
  2 sky beasts
  7 boggarts
  19 centaurs
  5 phantoms
  32 ogres
  A lava worm (D:10)
  16 giant frogs
  9 giant slugs
  5 big kobolds
  3 water moccasin zombies (Ossuary)
  A komodo dragon skeleton (D:14)
  24 crocodiles
  A brain worm (D:14)
  A cyclops zombie (D:12)
  A wyvern zombie (D:10)
  7 scorpions
  An eye of draining (D:13)
  An eye of draining (shapeshifter) (Vaults:3)
  16 killer bees
  A tengu skeleton (D:11)
  6 wights
  A human simulacrum (Vaults:1)
  5 big fish
  5 electric eels
  4 goliath beetles
  6 crimson imps
  A lava snake (D:10)
  11 hounds
  Crazy Yiuf (D:5)
  A giant frog zombie (D:12)
  29 orc priests
  A giant frog skeleton (D:5)
  A jelly (D:12)
  A kobold skeleton (D:13)
  23 orc wizards
  A black bear skeleton (D:11)
  10 iguanas
  2 orange rats
  8 worker ants
  A mottled dragon zombie (D:12)
  16 sheep
  Ijyb (D:3)
  A big kobold zombie (Ossuary)
  A hound skeleton (D:4)
  3 mummies
  29 adders
  46 green rats
  4 giant mites
  2 shadow imps
  A steam dragon skeleton (D:10)
  7 worms
  5 adder zombies (Ossuary)
  An iguana zombie (D:5)
  12 giant geckos
  188 orcs
  5 ball pythons
  19 bats
  10 giant cockroaches
  2 gnoll zombies (Ossuary)
  19 hobgoblins
  15 jackals
  9 quokkas
  7 giant newts
  3 giant spores
  23 goblins
  A goblin zombie (D:5)
  5 hobgoblin zombies (Ossuary)
  A jackal skeleton (D:7)
  39 kobolds
  3 kobold zombies (Ossuary)
  An orc skeleton (D:10)
  7 orc zombies
  16 rats
  5 ballistomycetes (D:8)
  7 fungi
  A plant (Lair:8)
2067 creatures vanquished.

Vanquished Creatures (collateral kills)
  A lich (Depths:2)
  A ghost moth (Spider:5)
  An ironheart preserver (Vaults:4)
  A merfolk aquamancer (Shoals:5)
  A tengu warrior (D:13)
  A vampire mage (Depths:3)
  A sea snake (Shoals:1)
  3 orb spiders (Spider:5)
  A hill giant (D:15)
  A deep elf summoner (Vaults:1)
  A red wasp (Spider:5)
  A water nymph (Shoals:5)
  A griffon (Shoals:1)
  A wolf spider (shapeshifter) (Depths:3)
  A vault sentinel (Vaults:4)
  A feature mimic (Orc:4)
  A tengu conjurer (D:13)
  A kobold demonologist (D:15)
  A demonic crawler (Spider:3)
  A yaktaur (Vaults:2)
  2 jumping spiders
  2 merfolk (Shoals:5)
  A raven (D:13)
  2 slime creatures
  A redback (Vaults:1)
  A trapdoor spider (Spider:3)
  An ugly thing (Vaults:2)
  A deep elf fighter (Vaults:1)
  6 orc warriors
  An ogre (Vaults:1)
  A human simulacrum (Vaults:1)
  A jelly (D:9)
  An orc wizard (Orc:1)
  A mummy (D:13)
  15 orcs
  A goblin (Orc:2)
  A hobgoblin (Orc:2)
  2 kobolds (D:15)
  2 crawling corpses (Vaults:4)
65 creatures vanquished.

Vanquished Creatures (others)
  A vault warden (Vaults:2)
  3 red wasps
  A merfolk (Shoals:5)
  An iron devil (Vaults:1)
  A deep elf mage (Vaults:4)
  A deep elf fighter (Vaults:1)
  An eye of draining (shapeshifter) (Depths:3)
  A sheep (Vaults:2)
  2 orcs
  A bat (Depths:3)
  A goblin (Orc:2)
  15 fungi
  18 plants
47 creatures vanquished.

Grand Total: 2179 creatures vanquished

Notes
Turn   | Place    | Note
--------------------------------------------------------------
     0 | D:1      | PolkaDot, the Vampire Enchanter, began the quest for the Orb.
     0 | D:1      | Reached XP level 1. HP: 13/13 MP: 3/3
   352 | D:1      | Reached XP level 2. HP: 14/19 MP: 2/4
   504 | D:1      | Reached skill level 5 in Hexes
   999 | D:2      | Learned a level 2 spell: Ensorcelled Hibernation
  1039 | D:2      | Reached XP level 3. HP: 12/24 MP: 6/6
  1264 | D:2      | Found an iron altar of Okawaru.
  1344 | D:2      | Reached XP level 4. HP: 23/30 MP: 7/7
  1664 | D:3      | Learned a level 3 spell: Confuse
  1916 | D:3      | Noticed Ijyb
  1978 | D:3      | Killed Ijyb
  1978 | D:3      | Reached skill level 6 in Hexes
  2134 | D:3      | Reached skill level 1 in Armour
  2134 | D:3      | Reached XP level 5. HP: 35/35 MP: 1/9
  2321 | D:3      | Found a basalt altar of Yredelemnul.
  2503 | D:3      | Found a radiant altar of Vehumet.
  2512 | D:3      | Found a shattered altar of Ashenzari.
  2519 | D:3      | Became a worshipper of Ashenzari the Shackled
  2580 | D:4      | Noticed haldagan's ghost (average DsMo)
  2581 | D:4      | Noticed a phantom
  2957 | D:4      | Killed a phantom
  2957 | D:4      | Reached skill level 5 in Stealth
  2957 | D:4      | Reached skill level 7 in Hexes
  3157 | D:4      | Killed haldagan's ghost
  3157 | D:4      | Reached skill level 8 in Hexes
  3157 | D:4      | Reached XP level 6. HP: 35/41 MP: 4/10
  3703 | D:4      | Reached XP level 7. HP: 46/46 MP: 9/12
  3866 | D:4      | Noticed a black bear
  3874 | D:4      | Killed a black bear
  3874 | D:4      | Reached skill level 9 in Hexes
  4096 | D:5      | Entered Level 5 of the Dungeon
  4102 | D:5      | Learned a level 4 spell: Enslavement
  4321 | D:5      | Got the cursed leather armour of Buxzeshram {Dex+2 Int+2}
  4329 | D:5      | Identified the cursed -4 leather armour of Buxzeshram {Dex+2 Int+2} (You found it on level 5 of the Dungeon)
  4621 | D:5      | Noticed Crazy Yiuf
  4636 | D:5      | Killed Crazy Yiuf
  5059 | D:6      | Noticed Grinder
  5094 | D:6      | Killed Grinder
  5094 | D:6      | Reached skill level 10 in Hexes
  5094 | D:6      | Reached XP level 8. HP: 33/52 MP: 13/13
  5140 | D:6      | Found a glowing drain.
  5200 | Sewer    | Entered a sewer
  5379 | Sewer    | Noticed Purgy
  5384 | Sewer    | Killed Purgy
  5679 | D:6      | Found a staircase to the Ecumenical Temple.
  5689 | Temple   | Entered the Ecumenical Temple
  5689 | Temple   | Acquired Ashenzari's first power
  5902 | D:6      | Reached skill level 11 in Hexes
  6446 | D:6      | Reached skill level 12 in Hexes
  6461 | D:6      | Found a shattered altar of Ashenzari.
  6467 | D:6      | Saw a vision of the Shoals and the Spider Nest.
  6467 | D:6      | Noticed a sea snake
  6467 | D:6      | Noticed a redback
  6467 | D:6      | Noticed a redback
  6467 | D:6      | Noticed a merfolk
  6467 | D:6      | Noticed a merfolk
  6470 | D:6      | Noticed a redback
  6472 | D:6      | Noticed a trapdoor spider
  6478 | D:6      | Noticed a trapdoor spider
  6952 | D:7      | Reached XP level 9. HP: 57/57 MP: 14/14
  6963 | D:7      | Found a sparkling altar of Nemelex Xobeh.
  7113 | D:7      | Learned a level 2 spell: Slow
  7156 | D:7      | Gained mutation: You have a pair of small antennae on your head. [potion of mutation]
  7156 | D:7      | Gained mutation: Your body is slowly deteriorating. [potion of mutation]
  7156 | D:7      | Gained mutation: You are weak. (Str -2) [potion of mutation]
  7319 | D:7      | Reached skill level 10 in Stealth
  7675 | D:7      | Reached skill level 13 in Hexes
  7939 | D:8      | Acquired Ashenzari's second power
  7967 | D:8      | Found a sand-covered staircase.
  7972 | Ossuary  | Entered an ossuary
  8245 | Ossuary  | Learned a level 2 spell: Sure Blade
  8558 | D:8      | Noticed Joseph
  8625 | D:8      | Noticed Edmund
  8632 | D:8      | Killed Edmund
  8990 | D:8      | Identified the cursed -1 chain mail of Fun {MR++ SInv}
  9254 | D:8      | Killed Joseph
  9254 | D:8      | Reached skill level 14 in Hexes
  9369 | D:8      | Reached XP level 10. HP: 63/63 MP: 17/20
  9446 | D:9      | Found a sparkling altar of Nemelex Xobeh.
  9566 | D:9      | Found a shadowy altar of Dithmenos.
  9584 | D:9      | Found a staircase to the Lair.
  9614 | D:9      | Lost mutation: You are weak. (Str -2) [potion of cure mutation]
  9614 | D:9      | Lost mutation: You have a pair of small antennae on your head. [potion of cure mutation]
  9614 | D:9      | Lost mutation: Your body is slowly deteriorating. [potion of cure mutation]
  9640 | D:9      | Noticed a thorn hunter
  9640 | D:9      | a wandering mushroom changed into a thorn hunter
  9897 | D:9      | Reached skill level 15 in Hexes
 10082 | D:9      | Learned a level 4 spell: Cause Fear
 10089 | Lair:1   | Entered Level 1 of the Lair of Beasts
 10092 | Lair:1   | Acquired Ashenzari's third power
 10371 | Lair:1   | Reached skill level 5 in Spellcasting
 10407 | Lair:1   | Found a deep blue altar of Sif Muna.
 10849 | Lair:1   | Noticed a black mamba
 10854 | Lair:1   | Killed a black mamba
 10854 | Lair:1   | Reached skill level 16 in Hexes
 10987 | Lair:1   | Noticed a black mamba
 10992 | Lair:1   | Killed a black mamba
 11040 | Lair:1   | Reached XP level 11. HP: 68/68 MP: 20/23
 11253 | Lair:1   | Reached skill level 1 in Ice Magic
 11331 | Lair:1   | Noticed an oklob plant
 11344 | Lair:1   | Noticed an oklob plant
 11401 | Lair:2   | Found a blossoming altar of Fedhas.
 11777 | Lair:2   | Reached skill level 17 in Hexes
 12029 | Lair:2   | Noticed Harold
 12599 | Lair:3   | Reached skill level 5 in Short Blades
 12611 | Lair:3   | Reached skill level 18 in Hexes
 12640 | Lair:3   | Noticed Gastronok
 12696 | Lair:3   | Killed Gastronok
 12894 | Lair:3   | Reached XP level 12. HP: 74/74 MP: 25/25
 13049 | Lair:3   | Noticed an eight-headed hydra
 13265 | Lair:3   | Noticed a seven-headed hydra
 13274 | Lair:3   | Killed a seven-headed hydra
 13274 | Lair:3   | Reached skill level 15 in Stealth
 13669 | Lair:4   | Found a staircase to the Shoals.
 13710 | Lair:4   | Learned a level 3 spell: Dazzling Spray
 13741 | Lair:4   | Reached skill level 19 in Hexes
 14005 | Lair:4   | Acquired Ashenzari's fourth power
 14901 | Lair:5   | Noticed a five-headed hydra
 14908 | Lair:5   | Killed a five-headed hydra
 15017 | Lair:5   | Reached skill level 5 in Dodging
 15114 | Lair:6   | Found a staircase to the Slime Pits.
 15115 | Lair:6   | Found a viscous altar of Jiyva.
 15556 | Lair:6   | Found a hole to the Spider Nest.
 15647 | Lair:6   | Noticed an eight-headed hydra
 15673 | Lair:6   | Killed an eight-headed hydra
 15875 | Lair:6   | Noticed a six-headed hydra
 15882 | Lair:6   | Killed a six-headed hydra
 15882 | Lair:6   | Reached XP level 13. HP: 79/79 MP: 20/25
 16449 | Lair:7   | Found a glowing golden altar of the Shining One.
 16580 | Lair:7   | Reached skill level 20 in Hexes
 17730 | Lair:8   | Entered Level 8 of the Lair of Beasts
 18036 | Lair:8   | Noticed Erica
 18043 | Lair:8   | Killed Erica
 18397 | Lair:8   | Reached skill level 10 in Dodging
 19336 | Lair:8   | Identified the cursed +2,-2 short sword of the Key {slice, *Tele rC+ Int-4}
 19492 | Lair:8   | Noticed a dire elephant
 19492 | Lair:8   | Noticed a dire elephant
 19493 | Lair:8   | Identified the cursed ring "Watiapre" {Wiz Dex-2 Int+3}
 19541 | Lair:8   | Noticed a dire elephant
 19547 | Lair:8   | Noticed a dire elephant
 19548 | Lair:8   | Noticed a dire elephant
 20149 | D:10     | Entered Level 10 of the Dungeon
 20252 | D:10     | Noticed Eustachio
 20253 | D:10     | Noticed Urug
 20254 | D:10     | Killed Eustachio
 20318 | D:10     | Identified the +5,+4 sling of Hard Scrabble {frost, rF+ Str+1 Stlth+} (You found it on level 7 of the Dungeon)
 20318 | D:10     | Identified the +7 plate armour of Boredom {Str+3 Dam+6} (You found it on level 7 of the Dungeon)
 20335 | D:10     | Identified the cursed -1,+10 dagger of Phuuz {vamp, rN+}
 20484 | D:10     | Killed Urug
 20489 | D:10     | Reached skill level 1 in Fighting
 20999 | D:10     | Reached XP level 14. HP: 90/90 MP: 26/26
 21561 | D:11     | Found a staircase to the Orcish Mines.
 22811 | D:12     | Upgraded the game from 0.15-a0-1073-g74d0bc9 to 0.15-a0-1081-gb32516e
 24262 | D:13     | Noticed Erolcha
 24269 | D:13     | Killed Erolcha
 24279 | D:13     | Learned a level 6 spell: Invisibility
 24280 | D:13     | Found Saast's Antique Armour Shop.
 24285 | D:13     | Bought an ominously black robe for 119 gold pieces
 24285 | D:13     | Identified the cursed +0 robe of Kaotrohi {Str+2 Dex+1} (You bought it in a shop on level 13 of the Dungeon)
 24285 | D:13     | Bought a buckler for 94 gold pieces
 24285 | D:13     | Bought a pair of steaming gloves for 199 gold pieces
 24285 | D:13     | Identified the +0 pair of gloves "Suner" {rC+} (You bought it in a shop on level 13 of the Dungeon)
 24285 | D:13     | Bought a glowing leather armour for 42 gold pieces
 24564 | D:13     | Reached skill level 5 in Fighting
 24564 | D:13     | Reached skill level 1 in Charms
 25238 | D:14     | Found a frozen archway.
 25246 | IceCv    | Entered an ice cave
 26064 | IceCv    | Noticed a frost giant
 26068 | IceCv    | Killed a frost giant
 26691 | D:14     | Reached XP level 15. HP: 108/108 MP: 29/29
 27110 | D:15     | Entered Level 15 of the Dungeon
 27285 | D:15     | Reached skill level 5 in Charms
 27436 | D:15     | Found a staircase to the Depths.
 27778 | D:15     | Noticed Fannar
 27785 | D:15     | Killed Fannar
 28412 | Orc:1    | Entered Level 1 of the Orcish Mines
 28509 | Orc:2    | Noticed Maurice
 28524 | Orc:2    | Killed Maurice
 29733 | Orc:3    | Found a roughly hewn altar of Beogh.
 29740 | Orc:3    | Reached skill level 1 in Shields
 30000 | Orc:4    | Entered Level 4 of the Orcish Mines
 30089 | Orc:4    | Found a staircase to the Elven Halls.
 30187 | Orc:4    | Found a roughly hewn altar of Beogh.
 30220 | Orc:4    | Found Rudd's General Store.
 30234 | Orc:4    | Bought 2 scrolls of enchant armour for 195 gold pieces
 30302 | Orc:4    | Found Mas Vac's Gadget Shop.
 30584 | Orc:4    | the was a mimic.
 30658 | Orc:4    | Found Smuttoucs' Food Shop.
 30779 | Orc:4    | Found Mourakab's General Store.
 31233 | Lair:1   | Noticed an oklob plant
 31238 | Lair:1   | Killed an oklob plant
 31240 | Lair:1   | Noticed an oklob plant
 31248 | Lair:1   | Killed an oklob plant
 31250 | Lair:1   | Killed an oklob plant
 31252 | Lair:1   | Killed an oklob plant
 31477 | Lair:2   | Killed Harold
 31664 | Lair:3   | Killed an eight-headed hydra
 31721 | Shoals:1 | Entered Level 1 of the Shoals
 32509 | Shoals:1 | Reached XP level 16. HP: 120/120 MP: 26/30
 33591 | Shoals:2 | Identified a scroll of acquirement
 33593 | Shoals:2 | Gained mutation: You have sharp toenails. [potion of beneficial mutation]
 33821 | Shoals:2 | Reached skill level 21 in Stealth
 34436 | Shoals:3 | Identified the +0 helmet "Jugath" {SInv}
 34448 | Shoals:3 | Identified the +3,+9 falchion of Trelean {flame, rF++}
 36673 | Shoals:4 | Reached skill level 10 in Short Blades
 37490 | Shoals:5 | Entered Level 5 of the Shoals
 37496 | Shoals:5 | Noticed Donald
 37504 | Shoals:5 | Killed Donald
 37554 | Shoals:5 | Got a barnacled rune of Zot
 37858 | Shoals:5 | Reached skill level 5 in Ice Magic
 38578 | D:14     | Identified the +9,+2 hand axe of Defence {holy, Str+1}
 38900 | D:14     | Found a gate to the Vaults.
 38906 | D:14     | Reached skill level 22 in Stealth
 38906 | D:14     | Reached skill level 10 in Charms
 39147 | Vaults:1 | Entered Level 1 of the Vaults
 39169 | Vaults:1 | Reached XP level 17. HP: 126/126 MP: 24/31
 39750 | Vaults:1 | Noticed Saint Roka
 39765 | Vaults:1 | Killed Saint Roka
 40159 | Vaults:1 | Identified the +8,+5 great mace of Nemit {pain, rPois SInv}
 41314 | Vaults:1 | Learned a level 3 spell: Ozocubu's Armour
 41315 | Vaults:2 | Found Stourr's General Store.
 41336 | Vaults:2 | Reached skill level 1 in Long Blades
 41722 | Vaults:2 | Bought a scroll of enchant armour for 105 gold pieces
 42132 | Vaults:2 | Reached skill level 23 in Stealth
 42536 | Vaults:2 | Reached skill level 5 in Long Blades
 42962 | Vaults:2 | Found a staircase to the Crypt.
 43209 | Vaults:2 | Reached XP level 18. HP: 132/132 MP: 26/31
 45494 | Vaults:3 | Identified the +0 leather armour of Parlour Games {MR+ Acc-3 Dam+4 Stlth+}
 45765 | Vaults:3 | the staircase to the Crypt was a mimic.
 45785 | Vaults:3 | Found an ancient bone altar of Kikubaaqudgha.
 45785 | Vaults:3 | Found a basalt altar of Yredelemnul.
 45875 | Vaults:3 | Gained mutation: You are dopey. (Int -2) [mutagenic glow]
 46314 | Vaults:3 | Found a staircase to the Hall of Blades.
 47617 | Vaults:3 | Noticed Norris
 47627 | Vaults:3 | Killed Norris
 48174 | Vaults:4 | Found a portal to a secret trove of treasure.
 48310 | Vaults:4 | Found Threat's Book Shoppe.
 48331 | Vaults:4 | Reached XP level 19. HP: 138/138 MP: 31/34
 48360 | Vaults:4 | Bought a book of Spatial Translocations for 845 gold pieces
 48363 | Vaults:4 | Learned a level 1 spell: Apportation
 48366 | Vaults:4 | Learned a level 2 spell: Blink
 48625 | Vaults:4 | Found Xuojuur's Antique Armour Emporium.
 48630 | Vaults:4 | Bought a glowing helmet for 144 gold pieces
 48630 | Vaults:4 | Bought a faintly humming cloak for 304 gold pieces
 48630 | Vaults:4 | Identified the cursed +0 cloak "Xoexorph" {rF+ Dex+3 Int+1} (You bought it in a shop on level 4 of the Vaults)
 49248 | Vaults:4 | Found Tys Clam's Gadget Emporium.
 49730 | Vaults:4 | Reached skill level 10 in Spellcasting
 49935 | D:14     | Learned a level 5 spell: Metabolic Englaciation
 50269 | Spider:1 | Entered Level 1 of the Spider Nest
 50293 | Spider:1 | Reached skill level 1 in Translocations
 50477 | Spider:1 | Noticed Che's ghost (powerful OpMo)
 50505 | Spider:1 | Killed Che's ghost
 51344 | Spider:1 | Identified the +10,+2 quarterstaff "Boshuaff" {vamp, rPois Dex+2 Stlth+}
 53000 | Spider:4 | Reached skill level 5 in Translocations
 53431 | Spider:5 | Entered Level 5 of the Spider Nest
 53832 | Spider:5 | Reached XP level 20. HP: 115/145 MP: 33/36
 54220 | Spider:5 | Got a gossamer rune of Zot
 55651 | Depths:1 | Entered Level 1 of the Depths
 55877 | Depths:1 | Noticed Jorgrun
 55894 | Depths:1 | Killed Jorgrun
 56917 | Depths:1 | Found a gateway to Hell.
 57509 | Depths:2 | Noticed Mara
 57653 | Depths:2 | Noticed Agnes
 57829 | Depths:2 | Found a one-way gate to the infinite horrors of the Abyss.
 58368 | Depths:2 | Identified the +7,+5 lajatang "Lypuaste" {slice, rF+ Int+1}
 58532 | Depths:2 | Killed Agnes
 58740 | Depths:2 | Noticed PolkaDot's illusion
 58813 | Depths:2 | Killed Mara
 59017 | Depths:2 | Noticed PolkaDot's illusion
 59290 | Depths:3 | Reached skill level 24 in Hexes
 59473 | Depths:3 | Reached XP level 21. HP: 62/150 MP: 2/36
 59789 | Depths:3 | Found an ancient bone altar of Kikubaaqudgha.
 59879 | Depths:3 | Identified the +7,+3 short sword "Phenach" {slice, rC+ rN+ SInv}
 60417 | Depths:3 | Reached skill level 10 in Translocations
 60791 | Depths:3 | Noticed Margery
 60798 | Depths:3 | Killed Margery
 61317 | Depths:3 | Found a one-way gate leading to the halls of Pandemonium.
 61354 | Depths:3 | HP: 5/150 [spectral golden dragon[a vampire mage] (24)]
 61410 | Depths:3 | Killed from afar by a lich

Action                   |  1- 3 |  4- 6 |  7- 9 | 10-12 | 13-15 | 16-18 | 19-21 || total
-------------------------+-------+-------+-------+-------+-------+-------+-------++-------
Melee: Dagger            |    83 |   118 |   392 |   456 |  1313 |  1032 |  1384 ||  4778
       Unarmed           |       |       |       |       |       |     1 |       ||     1
       Falchion          |       |       |       |       |       |    10 |       ||    10
Throw: Dart              |     8 |       |     1 |       |     1 |       |       ||    10
 Cast: Corona            |     7 |     3 |     4 |     8 |    12 |     8 |     2 ||    44
       Ensorcelled Hiber |       |    24 |    81 |   162 |   358 |   255 |   146 ||  1026
       Confuse           |       |     9 |    35 |     9 |    57 |    66 |    85 ||   261
       Enslavement       |       |       |       |     8 |    53 |    51 |    59 ||   171
       Slow              |       |       |       |       |     5 |     5 |    19 ||    29
       Sure Blade        |       |       |       |       |    19 |     4 |     8 ||    31
       Invisibility      |       |       |       |       |    21 |    37 |    26 ||    84
       Dazzling Spray    |       |       |       |       |     1 |       |    51 ||    52
       Metabolic Englaci |       |       |       |       |       |       |     1 ||     1
       Blink             |       |       |       |       |       |       |     3 ||     3
 Abil: Bat Form          |       |       |     2 |       |    11 |     5 |     3 ||    21
       End Transformatio |       |       |     2 |       |    11 |     5 |     2 ||    20
Evoke: Wand              |       |       |       |    10 |    11 |     4 |     4 ||    29
  Use: Potion            |     1 |     3 |     9 |     3 |     5 |    11 |    19 ||    51
       Scroll            |     7 |     2 |    18 |    19 |    16 |    16 |    16 ||    94
 Stab: Sleeping          |     7 |    24 |    72 |   160 |   444 |   250 |   264 ||  1221
       Confused          |       |     7 |    25 |     5 |    23 |    35 |    45 ||   140
       Distracted        |       |       |       |     7 |    15 |    11 |    18 ||    51
       Betrayed ally     |       |       |       |     2 |     7 |     3 |     1 ||    13
       Invisible         |       |       |       |       |    52 |   114 |    91 ||   257
       Held in net/web   |       |       |       |       |       |     1 |       ||     1
